 Dungeon Crawl Stone Soup version 0.28.0-1-gb440e238dd (webtiles) character file.

Game seed: 4925519022912374376

77402 Renzlar the Blocker (level 15, -3/120 HPs)
             Began as a Gnoll Fighter on Feb 24, 2022.
             Was the Champion of Okawaru.
             Succumbed to poison (dark miasma)
             ... on level 2 of the Abyss on Feb 25, 2022.
             The game lasted 01:30:24 (20243 turns).

Renzlar the Blocker (Gnoll Fighter)                Turns: 20243, Time: 01:30:25

Health: -3/120     AC: 37    Str: 25    XL:     15   Next: 56%
Magic:  29/29      EV:  9    Int: 15    God:    Okawaru [******]
Gold:   1437       SH:  8    Dex: 15    Spells: 32/34 levels left

rFire   x . .      SeeInvis .   a - +10 broad axe "Tarion" {vamp, rF- Dex+4}
rCold   . . .      Faith    .   h - +1 buckler
rNeg    . . .      Spirit   .   o - +8 orange crystal plate armour {Archmagi, Int+3 Clar}
rPois   .          Reflect  .   S - +0 hat {Will+}
rElec   .          Harm     .   H - +0 cloak
rCorr   .          Rampage  .   D - +0 pair of gloves
Will    ++...      Archmagi +   X - +2 pair of boots
Stlth   .......... Clarity  +   P - amulet of regeneration
HPRegen 1.10/turn               k - +6 ring of strength
MPRegen 0.21/turn               T - +4 ring of slaying

@: lethally poisoned (-3 -> -16), slowed, very slow
A: fangs 1, strong nose, distributed training, shaggy fur 1
a: Renounce Religion, Heroism, Finesse, Duel


You were on level 2 of the Abyss.
You worshipped Okawaru.
Okawaru was exalted by your worship.
You visited 4 branches of the dungeon, and saw 20 of its levels.
You visited the Abyss 1 time.
You also visited: Sewer.

You collected 1437 gold pieces.

Inventory:

Hand Weapons
 a - the +10 broad axe "Tarion" (weapon) {vamp, rF- Dex+4}
   (Okawaru gifted it to you on level 1 of the Lair of Beasts)

   It occasionally heals its wielder for a portion of the damage dealt when it
   wounds a living foe.
   Dex:       It affects your dexterity (+4).
   rF:        It makes you vulnerable to fire.
 b - a +5 war axe of flaming
 c - the +8 hunting sling "Zeherchuci" {speed, rN+ Str+4 Int+4 Dex+2}
   (Okawaru gifted it to you on level 10 of the Dungeon)

   Attacks with this weapon are significantly faster.
   Str:       It affects your strength (+4).
   Int:       It affects your intelligence (+4).
   Dex:       It affects your dexterity (+2).
   rN:        It protects you from negative energy.
 d - a +3 demon trident of electrocution
 e - the +8 fustibalus of Painful Death {vorpal, Will+}
   (Okawaru gifted it to you on level 2 of the Lair of Beasts)

   Any ammunition fired from it inflicts extra damage upon your enemies.
   Will:      It increases your willpower.
 C - a +3 short sword
Missiles
 f - 426 stones
 q - 206 bolts
 r - 5 curare-tipped darts (quivered)
 s - 46 poisoned darts
 A - 98 sling bullets
Armour
 h - a +1 buckler (worn)
 o - the +8 orange crystal plate armour (worn) {Archmagi, Int+3 Clar}
   (You found it on level 2 of the Dungeon)

   Int:       It affects your intelligence (+3).
   Clar:      It protects you against confusion.
 p - a +0 chain mail
 D - a +0 pair of gloves (worn)
 H - a +0 cloak (worn)
 S - a +0 hat of willpower (worn)
 X - a +2 pair of boots (worn)
Jewellery
 k - a +6 ring of strength (left hand)
 y - a ring of positive energy
 M - a ring of flight
 P - an amulet of regeneration (around neck)
 T - a +4 ring of slaying (right hand)
Wands
 v - a wand of charming (9)
 x - a wand of iceblast (15)
 B - a wand of paralysis (10)
 E - a wand of polymorph (6)
 J - a wand of acid (12)
 K - a wand of digging (3)
 Q - a wand of mindburst (4)
Scrolls
 g - 3 scrolls of identify
 j - 2 scrolls of summoning
 u - 5 scrolls of fog
 I - a scroll of brand weapon
 N - 8 scrolls of teleportation
 O - 2 scrolls of enchant armour
 U - a scroll of blinking
 V - a scroll of amnesia
Potions
 i - 7 potions of ambrosia
 l - 2 potions of cancellation
 m - 2 potions of resistance
 n - 2 potions of mutation
 t - 5 potions of heal wounds
 w - a potion of flight
 z - a potion of invisibility
 F - 3 potions of haste
 G - a potion of berserk rage
 R - 4 potions of might
 W - 2 potions of curing


   Skills:
 + Level 11.9 Fighting
 + Level 10.0 Short Blades
 + Level 10.0 Long Blades
 + Level 11.0 Axes
 + Level 10.0 Maces & Flails
 + Level 10.0 Polearms
 + Level 10.0 Staves
 + Level 10.0 Slings
 + Level 10.0 Bows
 + Level 10.0 Crossbows
 + Level 10.0 Throwing
 + Level 11.9 Armour
 + Level 10.0 Dodging
 + Level 10.0 Stealth
 + Level 11.9 Shields
 + Level 10.0 Unarmed Combat
 + Level 10.0 Spellcasting
 + Level 8.3 Conjurations
 + Level 8.3 Hexes
 + Level 8.3 Summonings
 + Level 8.3 Necromancy
 + Level 8.3 Translocations
 + Level 8.3 Transmutations
 + Level 8.3 Fire Magic
 + Level 8.3 Ice Magic
 + Level 8.3 Air Magic
 + Level 8.3 Earth Magic
 + Level 8.3 Poison Magic
 + Level 10.8 Invocations
 + Level 10.0 Evocations


You had 32 spell levels left.
You knew the following spells:

 Your Spells              Type           Power      Damage    Failure   Level
a - Wereblood             Tmut           48%        N/A       21%         2

Your spell library contained the following spells:

 Spells                   Type           Power      Damage    Failure   Level
 Beastly Appendage        Tmut           96%        N/A       14%         1
 Shock                    Conj/Air       100%       1d9       14%         1
 Corpse Rot               Necr/Air       96%        N/A       21%         2
 Poisonous Vapours        Pois/Air       96%        N/A       21%         2
 Sublimation of Blood     Necr           48%        N/A       21%         2
 Dazzling Flash           Conj/Hex       96%        N/A       38%         3
 Spider Form              Tmut/Pois      48%        N/A       38%         3
 Swiftness                Air            48%        N/A       38%         3
 Airstrike                Air            24%        N/A       80%         4
 Fulminant Prism          Conj/Hex       24%        3d13      80%         4
 Iskenderun's Mystic Bla  Conj/Tloc      48%        2d11      80%         4
 Agony                    Necr           48%        N/A       98%         5
 Lee's Rapid Deconstruct  Erth           24%        3d14*     98%         5
 Silence                  Hex/Air        24%        N/A       98%         5
 Eringya's Noxious Bog    Tmut/Pois      24%        N/A       100%        6
 Orb of Destruction       Conj           24%        9d9       100%        7
 Chain Lightning          Conj/Air       24%        3d32      100%        9
 Fire Storm               Conj/Fire      24%        8d6       100%        9
 Shatter                  Erth           24%        3d21*     100%        9
 Summon Guardian Golem    Hex/Summ       Unusable   N/A       N/A         3
 Summon Forest            Summ/Tloc      Unusable   N/A       N/A         5
 Spellforged Servitor     Conj/Summ      Unusable   N/A       N/A         7
 Summon Hydra             Summ           Unusable   N/A       N/A         7

Dungeon Overview and Level Annotations

Branches:
Dungeon (11/15)            Temple (1/1) D:6            Lair (6/6) D:8
 Shoals (0/4) Lair:2        Snake (0/4) Lair:3        Slime (0/5) Lair:5
    Orc (2/2) D:11            Elf (0/3) Orc:2         Sewer (visited)

Altars:
Cheibriados
Elyvilon
Gozag
Kikubaaqudgha
Makhleb
Okawaru
Qazlal
Ru
Sif Muna
Trog
Uskayaw
Wu Jian
Xom
Yredelemnul
Zin
The Shining One
Beogh

Shops:
D:4 :   D:9 [

Annotations:
D:7 2 transporters
Orc:1 Erolcha


Innate Abilities, Weirdness & Mutations

You have very sharp teeth.
Your uncanny sense of smell can sniff out nearby items.
Your experience applies equally to all skills.
You are covered in fur. (AC +1)


Message History

You feel extremely sick. You block the death drake's attack.
A blink frog comes into view.
The death drake bites you but does no damage.
The blink frog blinks!
You slice the death drake!!
You feel better.
The death drake is almost dead.
You barely miss the blink frog.
You feel extremely sick. The death drake barely misses you.
The blink frog hits you but does no damage.
The death drake misses you.
The blink frog blinks!
You closely miss the death drake.
The death drake is almost dead.
You feel very sick.
The blink frog blinks!
The death drake breathes miasma at you. The foul vapour misses you.
The death drake bites you but does no damage.
You feel very sick. You block the death drake's attack.
Unknown command.
You hit the death drake.
You feel better.
The death drake is almost dead.
You feel very sick. The death drake breathes miasma at you.
The foul vapour engulfs you!
You are more poisoned.
The death drake bites you but does no damage.
You slash the death drake! You bite the death drake.
You kill the death drake!
That felt strangely unrewarding.
You are engulfed in dark miasma.
You are lethally poisoned!
* * * LOW HITPOINT WARNING * * *
x2 You feel extremely sick.
Unknown command.
You feel better.
You are engulfed in dark miasma.
You are lethally poisoned!
* * * LOW HITPOINT WARNING * * *
You die...

.### ...##. .
..#..... .. (≈
.###.. #.#. ≈ ≈
#####..###.#.#.##.#
. .(#.#...##..#.. #
. (.. #°°° ##.#. ..
# #(##°#...####..##
#..##..#.# . . ..
#°#@.# . .##. #. #
#°##.#......#... ..
°##°#..#. #. ...###
.###°°..#...
.....#. .#
..#.##....... . ##
#.....#.. .... ..
#...... . . ....
#.... ...... . .. #
. .. .##.... ..


There were no monsters in sight!

Vanquished Creatures
  Gastronok (Lair:1)
  A tentacled starspawn (Abyss:2)
  Nessos (Lair:5)
  Josephine (D:10)
  Harold (D:10)
  3 hydras
  4 two-headed ogres
  5 death yaks (Lair:6)
  Urug (Lair:4)
  A tengu warrior (D:8)
  Sonja (Lair:5)
  A fire crab (Lair:6)
  A death drake (Abyss:2)
  An orc knight (Orc:1)
  A cyclops (D:11)
  An orc sorcerer (Orc:1)
  An ugly thing (D:10)
  A manticore (D:11)
  Joseph (D:8)
  14 elephants
  10 cane toads
  5 black mambas
  3 orange demons (D:10)
  A gargoyle (D:11)
  2 unseen horrors
  6 komodo dragons
  5 rime drakes
  Psyche (D:9)
  3 red devils (D:10)
  A queen bee (D:9)
  3 trolls
  3 polar bears
  4 hornets (Lair:6)
  21 blink frogs
  2 dream sheep (Lair:6)
  A meliai zombie (D:10)
  3 vampires
  12 spriggans
  A shadow (D:10)
  3 wyverns
  6 wraiths
  A basilisk (Lair:6)
  47 yaks
  4 vampire mosquitoes (D:8)
  2 wargs
  3 nagas (Lair:3)
  2 acid dragons (D:10)
  13 water moccasins
  Duvessa (D:4)
  11 orc warriors
  4 ice beasts
  A sky beast (D:7)
  A necrophage (D:7)
  4 boggarts (Lair:6)
  6 black bears
  9 ogres
  22 wolves
  9 centaurs
  A phantom (D:6)
  5 kobold brigands
  7 bullfrogs
  6 scorpions
  Dowan (D:4)
  A wyvern skeleton (D:7)
  28 killer bees
  5 wights (D:9)
  3 howler monkeys
  3 electric eels
  A lava snake (Lair:3)
  12 centaur zombies
  6 jellies
  3 hounds
  7 orc priests
  Crazy Yiuf (D:2)
  A gnoll shaman (D:3)
  2 iguanas
  17 orc wizards
  A killer bee zombie (D:8)
  A hound skeleton (D:4)
  A howler monkey zombie (D:10)
  12 gnolls (D:3)
  6 adders
  A howler monkey skeleton (D:4)
  A river rat (Sewer)
  A shadow imp (D:5)
  2 white imps (D:7)
  2 worms
  A dart slug (D:4)
  58 orcs
  14 ball pythons
  4 bats (D:1)
  21 endoplasms
  10 giant cockroaches
  4 goblins
  5 hobgoblins
  3 jackals (D:1)
  36 kobolds
  10 quokkas
  8 frilled lizards
  11 rats
  3 butterflies (Lair:6)
  A starspawn tentacle (Abyss:2)
605 creatures vanquished.

Vanquished Creatures (others)
  A blink frog (Lair:5)
  A spriggan (Lair:6)
  A butterfly (D:7)
  11 fungi
  31 plants
  A starspawn tentacle (Abyss:2)
46 creatures vanquished.

Grand Total: 651 creatures vanquished

Notes
Turn   | Place    | Note
-------+----------+-------------------------------------------
     0 | D:1      | Renzlar the Gnoll Fighter began the quest for the Orb.
     0 | D:1      | Reached XP level 1. HP: 23/23 MP: 1/1
   188 | D:1      | Reached XP level 2. HP: 25/29 MP: 2/2
   421 | D:1      | Reached XP level 3. HP: 33/35 MP: 3/3
   775 | D:2      | Reached skill level 1 in Invocations
   939 | D:2      | Reached skill level 1 in Short Blades
   939 | D:2      | Reached skill level 1 in Long Blades
   939 | D:2      | Reached skill level 1 in Maces & Flails
   939 | D:2      | Reached skill level 1 in Polearms
   939 | D:2      | Reached skill level 1 in Staves
   939 | D:2      | Reached skill level 1 in Slings
   939 | D:2      | Reached skill level 1 in Bows
   939 | D:2      | Reached skill level 1 in Crossbows
   939 | D:2      | Reached skill level 1 in Throwing
   939 | D:2      | Reached skill level 1 in Dodging
   939 | D:2      | Reached skill level 1 in Stealth
   939 | D:2      | Reached skill level 1 in Unarmed Combat
   939 | D:2      | Reached skill level 1 in Spellcasting
   939 | D:2      | Reached skill level 1 in Evocations
   955 | D:2      | Reached XP level 4. HP: 41/41 MP: 5/5
   985 | D:2      | Learned a level 2 spell: Wereblood
  1127 | D:2      | Found the +8 orange crystal plate armour {Archmagi, Int+3
                  | Clar}
  1554 | D:2      | Found a runed translucent door.
  1555 | D:2      | Noticed Crazy Yiuf
  1562 | D:2      | Killed Crazy Yiuf
  1563 | D:2      | Reached skill level 1 in Conjurations
  1563 | D:2      | Reached skill level 1 in Hexes
  1563 | D:2      | Reached skill level 1 in Summonings
  1563 | D:2      | Reached skill level 1 in Necromancy
  1563 | D:2      | Reached skill level 1 in Translocations
  1563 | D:2      | Reached skill level 1 in Transmutations
  1563 | D:2      | Reached skill level 1 in Fire Magic
  1563 | D:2      | Reached skill level 1 in Ice Magic
  1563 | D:2      | Reached skill level 1 in Air Magic
  1563 | D:2      | Reached skill level 1 in Earth Magic
  1563 | D:2      | Reached skill level 1 in Poison Magic
  1639 | D:3      | Reached XP level 5. HP: 43/47 MP: 5/7
  2242 | D:3      | Noticed a kobold brigand
  2259 | D:3      | Killed a kobold brigand
  2260 | D:3      | Reached XP level 6. HP: 10/53 MP: 8/8
  2546 | D:3      | Reached skill level 5 in Axes
  2719 | D:3      | Reached XP level 7. HP: 58/59 MP: 10/10
  3607 | D:4      | Found Pive Nev's Book Shop.
  3742 | D:4      | Found a glowing drain.
  3759 | Sewer    | Entered a sewer
  4315 | Sewer    | Found a viscous altar of Jiyva.
  4419 | D:4      | Noticed Dowan
  4420 | D:4      | Noticed Duvessa
  4421 | D:4      | You fall into a shaft and drop 3 floors!
  4480 | D:7      | Found a transporter.
  4480 | D:7      | Found a transporter.
  4489 | D:7      | Identified the +3 spear of Fate {chaos, rElec}
  4489 | D:7      | Identified the +1 scale mail of the Saviour {Harm Rampage
                  | rElec}
  4569 | D:7      | Reached XP level 8. HP: 67/67 MP: 12/12
  4618 | D:7      | Noticed a wyvern
  4628 | D:7      | Killed a wyvern
  4980 | D:7      | Found a white marble altar of Elyvilon.
  5175 | D:7      | Reached XP level 9. HP: 65/72 MP: 12/14
  5351 | D:7      | Identified the ring of the Gloaming {Contam Fly rElec rC+
                  | Will++}
  6054 | D:6      | Found a staircase to the Ecumenical Temple.
  6094 | Temple   | Entered the Ecumenical Temple
  6125 | Temple   | Became a worshipper of Warmaster Okawaru
  6335 | D:5      | Entered Level 5 of the Dungeon
  7289 | D:5      | Reached skill level 5 in Invocations
  7433 | D:4      | Killed Dowan
  7437 | D:4      | Killed Duvessa
  7437 | D:4      | Reached * piety under Okawaru
  7563 | D:4      | Gained mutation: You are covered in fur. (AC +1) [potion of
                  | mutation]
  8286 | D:8      | Reached XP level 10. HP: 70/80 MP: 13/17
  8288 | D:8      | Noticed Joseph
  8308 | D:8      | Killed Joseph
  8309 | D:8      | Reached skill level 5 in Short Blades
  8309 | D:8      | Reached skill level 5 in Long Blades
  8309 | D:8      | Reached skill level 5 in Maces & Flails
  8309 | D:8      | Reached skill level 5 in Polearms
  8309 | D:8      | Reached skill level 5 in Staves
  8309 | D:8      | Reached skill level 5 in Slings
  8309 | D:8      | Reached skill level 5 in Bows
  8309 | D:8      | Reached skill level 5 in Crossbows
  8309 | D:8      | Reached skill level 5 in Throwing
  8309 | D:8      | Reached skill level 5 in Dodging
  8309 | D:8      | Reached skill level 5 in Stealth
  8309 | D:8      | Reached skill level 5 in Unarmed Combat
  8309 | D:8      | Reached skill level 5 in Spellcasting
  8309 | D:8      | Reached skill level 5 in Evocations
  8443 | D:8      | Reached ** piety under Okawaru
  8876 | D:8      | Found a staircase to the Lair.
  9300 | D:9      | Noticed a tengu warrior
  9332 | D:8      | Killed a tengu warrior
  9455 | D:9      | Noticed Psyche
  9464 | D:9      | Killed Psyche
  9480 | D:9      | Reached *** piety under Okawaru
  9811 | D:9      | Found Kiobune's Armour Shoppe.
  9867 | D:9      | Reached XP level 11. HP: 66/87 MP: 16/19
 10382 | D:9      | Reached **** piety under Okawaru
 10491 | D:10     | Entered Level 10 of the Dungeon
 10543 | D:10     | Reached skill level 5 in Conjurations
 10543 | D:10     | Reached skill level 5 in Hexes
 10543 | D:10     | Reached skill level 5 in Summonings
 10543 | D:10     | Reached skill level 5 in Necromancy
 10543 | D:10     | Reached skill level 5 in Translocations
 10543 | D:10     | Reached skill level 5 in Transmutations
 10543 | D:10     | Reached skill level 5 in Fire Magic
 10543 | D:10     | Reached skill level 5 in Ice Magic
 10543 | D:10     | Reached skill level 5 in Air Magic
 10543 | D:10     | Reached skill level 5 in Earth Magic
 10543 | D:10     | Reached skill level 5 in Poison Magic
 10547 | D:10     | Received a gift from Okawaru
 10589 | D:10     | Noticed Josephine
 10598 | D:10     | Killed Josephine
 10607 | D:10     | Received a gift from Okawaru
 10623 | D:10     | Received a gift from Okawaru
 11009 | D:10     | Noticed Harold
 11019 | D:10     | Noticed a green ugly thing
 11026 | D:10     | Killed Harold
 11026 | D:10     | Reached ***** piety under Okawaru
 11033 | D:10     | Killed a green ugly thing
 11752 | D:10     | Reached XP level 12. HP: 96/96 MP: 22/22
 11880 | D:10     | Identified the +8 hunting sling "Zeherchuci" {speed, rN+
                  | Str+4 Int+4 Dex+2} (Okawaru gifted it to you on level 10 of
                  | the Dungeon)
 11880 | D:10     | Received a gift from Okawaru
 12450 | D:10     | Noticed a two-headed ogre
 12460 | D:10     | Killed a two-headed ogre
 12799 | Lair:1   | Entered Level 1 of the Lair of Beasts
 12961 | Lair:1   | Reached skill level 10 in Fighting
 12961 | Lair:1   | Reached skill level 10 in Armour
 12961 | Lair:1   | Reached skill level 10 in Shields
 13034 | Lair:1   | Identified the +10 broad axe "Tarion" {vamp, rF- Dex+4}
                  | (Okawaru gifted it to you on level 1 of the Lair of Beasts)
 13034 | Lair:1   | Received a gift from Okawaru
 13170 | Lair:1   | Found a dark tunnel.
 13244 | Lair:1   | Noticed Gastronok
 13264 | Lair:1   | Killed Gastronok
 13947 | Lair:2   | Identified the +8 fustibalus of Painful Death {vorpal,
                  | Will+} (Okawaru gifted it to you on level 2 of the Lair of
                  | Beasts)
 13947 | Lair:2   | Received a gift from Okawaru
 13987 | Lair:2   | Reached XP level 13. HP: 64/103 MP: 24/24
 14069 | Lair:2   | Reached XP level 14. HP: 111/111 MP: 24/26
 14268 | Lair:2   | Found a staircase to the Shoals.
 14700 | Lair:3   | Found a staircase to the Snake Pit.
 14795 | Lair:3   | Reached ****** piety under Okawaru
 15729 | Lair:4   | Received a gift from Okawaru
 15897 | Lair:4   | Noticed Urug
 15911 | Lair:4   | Killed Urug
 15911 | Lair:4   | Received a gift from Okawaru
 15926 | Lair:4   | Reached skill level 10 in Axes
 16463 | Lair:5   | Found a staircase to the Slime Pits.
 16550 | Lair:5   | Noticed Sonja
 16581 | Lair:5   | Killed Sonja
 16611 | Lair:5   | Noticed Nessos
 16634 | Lair:5   | Killed Nessos
 17011 | Lair:6   | Entered Level 6 of the Lair of Beasts
 17022 | Lair:6   | Received a gift from Okawaru
 17134 | Lair:6   | Reached skill level 10 in Invocations
 17153 | Lair:6   | Received a gift from Okawaru
 17511 | Lair:6   | Reached XP level 15. HP: 119/119 MP: 28/28
 17713 | Lair:6   | Received a gift from Okawaru
 17802 | Lair:6   | Received a gift from Okawaru
 17924 | Lair:6   | Received a gift from Okawaru
 19159 | D:11     | Found a staircase to the Orcish Mines.
 19388 | D:11     | Received a gift from Okawaru
 19576 | Orc:1    | Entered Level 1 of the Orcish Mines
 19756 | Orc:2    | Entered Level 2 of the Orcish Mines
 19756 | Orc:2    | Found a staircase to the Elven Halls.
 19861 | Orc:1    | Found a runed translucent door.
 20157 | Orc:1    | Noticed Erolcha
 20165 | Orc:1    | Reached skill level 10 in Short Blades
 20165 | Orc:1    | Reached skill level 10 in Long Blades
 20165 | Orc:1    | Reached skill level 10 in Maces & Flails
 20165 | Orc:1    | Reached skill level 10 in Polearms
 20165 | Orc:1    | Reached skill level 10 in Staves
 20165 | Orc:1    | Reached skill level 10 in Slings
 20165 | Orc:1    | Reached skill level 10 in Bows
 20165 | Orc:1    | Reached skill level 10 in Crossbows
 20165 | Orc:1    | Reached skill level 10 in Throwing
 20165 | Orc:1    | Reached skill level 10 in Dodging
 20165 | Orc:1    | Reached skill level 10 in Stealth
 20165 | Orc:1    | Reached skill level 10 in Unarmed Combat
 20165 | Orc:1    | Reached skill level 10 in Spellcasting
 20165 | Orc:1    | Reached skill level 10 in Evocations
 20173 | Orc:1    | Cast into level 2 of the Abyss (Erolcha)
 20193 | Abyss:2  | Noticed a tentacled starspawn
 20197 | Abyss:2  | Killed a tentacled starspawn
 20243 | Abyss:2  | HP: 3/120 [something (10)]
 20243 | Abyss:2  | Succumbed to poison (dark miasma)

Illustrated notes

Levels and vault maps discovered:
D:1:      co_arrival_random_square_maze, layout_basic
D:2:      layout_loops_cross, uniq_crazy_yiuf_cottage
D:3:      minmay_goblin_kobold_castle, layout_basic, st_stairs_3,
          ebering_dispersal_statue_hall, nicolae_grassy_gnolls
D:4:      layout_cave_pods, serial_shops, shop, gup_sewer_entry_pipe,
          uniq_duvessa
D:5:      layout_gridville
D:6:      layout_loops_cross, temple_doors_cd
D:7:      layout_basic, nicolae_elyvilon_peaceful_grove,
          gammafunk_ghost_gnarly_gnolls
D:8:      layout_basic, lair_entry_dummy, roderic_nine_men_s_morris, uniq_joseph
D:9:      layout_basic, minivault_5, nicolae_stop_n_shop_2, uniq_psyche
D:10:     minmay_s_stair_smasher, layout_basic, special_room [special_room_bee],
          minmay_beelzebubs_servants, uniq_harold, uniq_josephine
D:11:     layout_irregular_city, david_orc_2, minmay_fractal_squares_diagonal_5
Temple:   compressed_dpeg_triangle_lava_temple
Lair:1:   layout_regular_city, enter_volcano_1, chequers_serial_rivers_room_b,
          uniq_gastronok
Lair:2:   statuecave_lemuel, layout_cave_pods, elwin_shoals_entry_rooms,
          serial_bayou_pond_b, infiniplex_staircase_pool_2
Lair:3:   layout_gridlike, guppyfry_snake_entry_garden, minivault_26,
          st_stairs_3, serial_bayou_ford_a
Lair:4:   layout_cave_shapes, chequers_serial_rivers_room_a,
          grunt_forest_stairs_clearing, uniq_urug
Lair:5:   layout_cave_shapes, nicolae_slime_entry_slimehenge,
          grunt_megastairs_2, uniq_nessos, uniq_sonja
Lair:6:   minmay_lair_end_enchanted_forest, layout_gridlike, grunt_megastairs_4,
          serial_bayou_shore_b, lemuel_fruit_fields, lemuel_fruit_fields
Orc:1:    layout_caves, lightli_church_of_beogh, uniq_erolcha
Orc:2:    st_orc_open, layout_caves, kennysheep_orc_sif_temple
Abyss:2:  base: Volcano, evilmike_abyss_exit_vortex

Skill      XL: |  1  2  3  4  5  6  7  8  9 10 11 12 13 14 15 |
---------------+----------------------------------------------+-----
Invocations    | 1 2 3 4 5 6 7 8 9 10 | 10.8
Short Blades   | 1 2 3 4 5 6 7 8 9 10 | 10.0
Long Blades    | 1 2 3 4 5 6 7 8 9 10 | 10.0
Maces & Flails | 1 2 3 4 5 6 7 8 9 10 | 10.0
Polearms       | 1 2 3 4 5 6 7 8 9 10 | 10.0
Staves         | 1 2 3 4 5 6 7 8 9 10 | 10.0
Slings         | 1 2 3 4 5 6 7 8 9 10 | 10.0
Bows           | 1 2 3 4 5 6 7 8 9 10 | 10.0
Crossbows      | 1 2 3 4 5 6 7 8 9 10 | 10.0
Throwing       | 1 2 3 4 5 6 7 8 9 10 | 10.0
Dodging        | 1 2 3 4 5 6 7 8 9 10 | 10.0
Stealth        | 1 2 3 4 5 6 7 8 9 10 | 10.0
Unarmed Combat | 1 2 3 4 5 6 7 8 9 10 | 10.0
Spellcasting   | 1 2 3 4 5 6 7 8 9 10 | 10.0
Evocations     | 1 2 3 4 5 6 7 8 9 10 | 10.0
Conjurations   | 1 2 3 4 5 6 7 8 |  8.3
Hexes          | 1 2 3 4 5 6 7 8 |  8.3
Summonings     | 1 2 3 4 5 6 7 8 |  8.3
Necromancy     | 1 2 3 4 5 6 7 8 |  8.3
Translocations | 1 2 3 4 5 6 7 8 |  8.3
Transmutations | 1 2 3 4 5 6 7 8 |  8.3
Fire Magic     | 1 2 3 4 5 6 7 8 |  8.3
Ice Magic      | 1 2 3 4 5 6 7 8 |  8.3
Air Magic      | 1 2 3 4 5 6 7 8 |  8.3
Earth Magic    | 1 2 3 4 5 6 7 8 |  8.3
Poison Magic   | 1 2 3 4 5 6 7 8 |  8.3
Axes           | 5 6 7 8 9 10 11 | 11.0
Fighting       | 7 8 9 10 11 | 11.9
Armour         | 7 8 9 10 11 | 11.9
Shields        | 7 8 9 10 11 | 11.9

Action                   |  1- 3 |  4- 6 |  7- 9 | 10-12 | 13-15 || total
-------------------------+-------+-------+-------+-------+-------++-------
Melee: War axe           |    90 |   134 |   394 |   231 |    10 ||   859
       Bite              |     5 |    14 |    43 |    55 |    56 ||   173
       Staff             |    17 |       |    16 |       |       ||    33
       Demon trident     |       |       |       |   179 |     4 ||   183
       Broad axe         |       |       |       |    45 |   337 ||   382
       Short sword       |       |       |       |       |     2 ||     2
 Fire: Hunting sling     |       |       |       |   229 |       ||   229
       Fustibalus        |       |       |       |     2 |   400 ||   402
Throw: Stone             |     4 |       |   120 |       |       ||   124
       Dart              |       |       |       |     1 |       ||     1
 Cast: Wereblood         |       |       |       |       |    15 ||    15
Invok: Heroism           |       |       |     1 |     4 |     1 ||     6
Evoke: Wand              |       |       |       |     4 |     4 ||     8
  Use: Scroll            |     5 |     3 |     7 |    11 |     8 ||    34
       Potion            |       |     1 |     1 |     6 |     4 ||    12
 Stab: Paralysed         |       |       |       |     1 |     3 ||     4
Armor: Scale mail        |    57 |     4 |       |       |       ||    61
       Crystal plate arm |       |   134 |   309 |   491 |   333 ||  1267
Dodge: Dodged            |    50 |    23 |    89 |   157 |   129 ||   448
Block: Buckler           |    38 |    44 |    96 |   207 |   145 ||   530
